 Dungeon Crawl Stone Soup version 0.30-a0-371-gad7725a93e (webtiles) character file.

Game seed: 5739840385114890821

376 Shayle the Sneak (level 6, -10/49 (57) HPs)
             Began as a Naga Reaver on Nov 22, 2022.
             Killed from afar by Ijyb (16 damage)
             ... with a bolt of dispelling energy
             ... on level 3 of the Dungeon.
             The game lasted 00:13:04 (2448 turns).

Shayle the Sneak (Naga Reaver)                      Turns: 2448, Time: 00:13:05

HP:   -10/49 (57)   AC:  6    Str: 13    XL:     6   Next: 73%
MP:   7/8           EV:  9    Int: 20    God:
Gold: 186           SH:  0    Dex:  8    Spells: 5/9 levels left

rFire   . . .      SeeInvis +    a - +0 hand axe
rCold   . . .      Faith    .    (no shield)
rNeg    . . .      Spirit   .    b - +0 leather armour
rPois   +          Reflect  .    n - +0 helmet
rElec   .          Harm     .    d - +0 cloak
rCorr   .          Rampage  .    l - +0 pair of gloves
Will    .....                    (no barding)
Stlth   +++.......               (no amulet)
HPRegen 0.28/turn                (no ring)
MPRegen 0.11/turn                (no ring)

@: lethally poisoned (-10 -> -13), heavily drained, very slow
A: AC +2, large, see invisible, deformed body, poison resistance, slowness 2,
spit poison 1, naga tail 1, clever 1, low MP 1
a: Spit Poison


You were on level 3 of the Dungeon.
You visited 1 branch of the dungeon, and saw 3 of its levels.

You collected 186 gold pieces.

Inventory:

Hand Weapons
 a - a +0 hand axe (weapon)
 h - a +1 whip of pain
Missiles
 i - 2 throwing nets
 j - 2 boomerangs
Armour
 b - a +0 leather armour (worn)
 d - a +0 cloak (worn)
 l - a +0 pair of gloves (worn)
 n - a +0 helmet (worn)
Scrolls
 f - a scroll of magic mapping
 g - a scroll of blinking
 k - a scroll of brand weapon {unknown}
 m - a scroll of butterflies
Potions
 c - a potion of brilliance


   Skills:
 + Level 4.2 Fighting
 - Level 3.0 Axes
 + Level 3.4 Dodging
 + Level 5.8 Stealth
 - Level 2.0 Spellcasting
 + Level 3.1 Conjurations
 + Level 0.3 Ice Magic


You had 5 spell levels left.
You knew the following spells:

 Your Spells              Type           Power      Damage    Failure   Level
a - Kiss of Death         Conj/Necr      32%        2d7       11%         1
b - Hailstorm             Conj/Ice       8%         3d4       30%         3

Your spell library contained the following spells:

 Spells                   Type           Power      Damage    Failure   Level
 Momentum Strike          Conj/Tloc      16%        3d8       16%         2


Dungeon Overview and Level Annotations

Branches:
Dungeon (3/15)

Altars:
Ru

Annotations:
D:3 Ijyb


Innate Abilities, Weirdness & Mutations

Your serpentine skin is tough. (AC +2)
You have supernaturally acute eyesight. (SInv)
Armour fits poorly on your strangely shaped body.
Your system is resistant to poisons. (rPois)
You cover ground very slowly.
You can spit poison.
You have a snake-like lower body.
Your mind is acute. (Int +4, Str/Dex -1)
Your magical capacity is low. (-10% MP)


Message History

Ijyb hits you with a +2 dagger of venom.
You hit Ijyb but do no damage.
Ijyb is lightly wounded.
Ijyb barely misses you.
Okay, then.
Cast which spell? (? or * to list)
Aiming: Kiss of Death (safe; 11% risk of failure)
Press: ? - help, Shift-Dir - straight line, f/p - Ijyb
Aim: Ijyb, wielding a +2 dagger of venom, wearing a +0 leather armour and carrying a wand of quicksilver (2) (lightly wounded, 100% to hit)
The negative energy hits Ijyb.
Ijyb is drained!
Ijyb is heavily wounded.
You feel drained.
You hit Ijyb but do no damage.
Ijyb is heavily wounded.
You hit the hobgoblin.
You have got your breath back.
The hobgoblin barely misses you. Ijyb barely misses you.
Aiming: Spit Poison (1% risk of failure)
Press: ? - help, Shift-Dir - straight line, f/p - Ijyb
Aim: Ijyb, wielding a +2 dagger of venom, wearing a +0 leather armour and carrying a wand of quicksilver (2) (heavily wounded, heavily drained, 50% to hit)
The splash of poison misses Ijyb.
The hobgoblin hits you.
Ijyb hits you with a +2 dagger of venom.
You are poisoned.
You hit Ijyb.
Ijyb is severely wounded.
You hit the hobgoblin.
You kill the hobgoblin!
You feel very sick.
Ijyb hits you with a +2 dagger of venom.
Unknown command.
You barely miss Ijyb.
Ijyb is severely wounded.
You feel sick.
Ijyb zaps a wand.
The bolt of dispelling energy hits you!
* * * LOW HITPOINT WARNING * * *
Unknown command.
You barely miss Ijyb.
Ijyb is severely wounded.
You have got your breath back.
You feel sick.
Ijyb zaps a wand.
The bolt of dispelling energy hits you!
You die...

*** *,* *........####.# ,,* *,*
*.#>####.)....# *,**
*,***,#.####.###### ,,,***
*,,,,,#....#.# **,,,*
*,,######....# ,*,*,***
**,,..#....#.#######** ,*,,,,,*
***#.#.##.#..>.....,,
,,,,,*,***** ###g#.##.#.#######*,
,**,,,.,,,,* #)†@.......#***** *,
,,*,**#..,,* #)#####.#....,,,* *,
,,,,,,#.#..###.# ##.###.#.**,***,
,,*,**#......g.# *.#* ##.,**,*,,,
,**,,,gg#####..##**.#*#,..,,,*,**
,,,,,*,*****#.....##.#.,.,,,,,,*
,*,,,,,,,,,,.....#....##,,,,,*,**
,*,*,,*****#..#.###....#,,,,,,*,,
**,,,,* #..##.*,*#..#,**,,***,


You could see Ijyb (very drained).

Vanquished Creatures
  Sigmund (D:3)
  Jessica (D:3)
  An orc wizard (D:3)
  7 gnolls (D:3)
  2 adders
  4 dart slugs
  An orc (D:3)
  10 endoplasms
  3 giant cockroaches (D:1)
  7 hobgoblins
  3 jackals
  5 ball pythons
  2 bats (D:1)
  5 frilled lizards
  8 goblins
  7 kobolds
  6 rats
73 creatures vanquished.

Notes
Turn   | Place    | Note
-------+----------+-------------------------------------------
     0 | D:1      | Shayle the Naga Reaver began the quest for the Orb.
     0 | D:1      | Reached XP level 1. HP: 19/19 MP: 3/3
   122 | D:1      | Reached skill level 1 in Stealth
   134 | D:1      | Reached XP level 2. HP: 18/26 MP: 5/5
   344 | D:1      | Reached skill level 2 in Stealth
   507 | D:1      | Reached XP level 3. HP: 33/33 MP: 6/6
   924 | D:2      | Gained mutation: You are strong-willed. (Will+) [potion of
                  | mutation]
   924 | D:2      | Gained mutation: You are frail. (-10% HP) [potion of
                  | mutation]
  1021 | D:1      | Reached skill level 3 in Stealth
  1021 | D:1      | Reached XP level 4. HP: 26/36 MP: 7/7
  1630 | D:3      | Noticed Jessica
  1663 | D:3      | Killed Jessica
  1809 | D:3      | Found a sacrificial altar of Ru.
  1825 | D:3      | Reached skill level 4 in Stealth
  1825 | D:3      | Reached XP level 5. HP: 37/44 MP: 8/8
  2019 | D:2      | Lost mutation: You are strong-willed. (Will+) [potion of
                  | mutation]
  2019 | D:2      | Lost mutation: You are frail. (-10% HP) [potion of
                  | mutation]
  2019 | D:2      | Gained mutation: You occasionally lose the ability to read
                  | scrolls when taking damage. [potion of mutation]
  2019 | D:2      | Gained mutation: You are clumsy. (Dex -2) [potion of
                  | mutation]
  2020 | D:2      | Lost mutation: You occasionally lose the ability to read
                  | scrolls when taking damage. [potion of mutation]
  2020 | D:2      | Lost mutation: You are clumsy. (Dex -2) [potion of
                  | mutation]
  2020 | D:2      | Gained mutation: Your mind is acute. (Int +4, Str/Dex -1)
                  | [potion of mutation]
  2020 | D:2      | Gained mutation: Your magical capacity is low. (-10% MP)
                  | [potion of mutation]
  2139 | D:3      | Noticed Sigmund
  2153 | D:3      | Killed Sigmund
  2154 | D:3      | Reached skill level 5 in Stealth
  2154 | D:3      | Reached XP level 6. HP: 33/57 MP: 8/8
  2159 | D:3      | Learned a level 3 spell: Hailstorm
  2408 | D:3      | Noticed Ijyb
  2448 | D:3      | Killed from afar by Ijyb

Illustrated notes

Levels and vault maps discovered:
D:1:      onia_arrival_pentagram, layout_basic, serial_forest,
          infiniplex_forest_straight_1, infiniplex_forest_diagonal,
          infiniplex_forest_straight_5, infiniplex_forest_lined_corner
D:2:      cheibrodos_greedy_goblins, layout_basic
D:3:      layout_loops_ring, nicolae_ru_great_annihilating_truth,
          basic_ecumenical_altar, minmay_fractal_squares_5, uniq_sigmund,
          uniq_jessica, uniq_ijyb, uniq_crazy_yiuf_cottage

Skill      XL: |  1  2  3  4  5 |
---------------+----------------+-----
Stealth        | 1 2 3 4 5 |  5.8
Dodging        | 2 3 |  3.4
Fighting       | 3 4 |  4.2
Axes           | |  3.0
Spellcasting   | |  2.0
Conjurations   | |  3.1
Ice Magic      | |  0.3

Action                   |  1- 3 |  4- 6 || total
-------------------------+-------+-------++-------
Melee: Hand axe          |    83 |   137 ||   220
       Punch             |       |     2 ||     2
 Cast: Kiss of Death     |       |     1 ||     1
 Abil: Spit Poison       |    22 |    37 ||    59
  Use: Potion            |     4 |     3 ||     7
       Scroll            |       |     5 ||     5
 Stab: Sleeping          |     2 |     2 ||     4
Armor: Leather armour    |    26 |    50 ||    76
Dodge: Dodged            |    48 |    65 ||   113

Table legend: (Time is in decaauts)
 A = Elapsed time spent in this place.
 B = Non-inter-level travel time spent in this place.
 C = Inter-level travel time spent in this place.
 D = Time resting spent in this place.
 E = Time spent auto-exploring this place.
 F = Levels seen in this place.
 G = Mean time per level.
                   A        B        C        D        E       F      G
               +--------+--------+--------+--------+--------+-----+--------+
         Total |   3031 |   2864 |    167 |    392 |   1609 |   3 | 1010.3 |
       Dungeon |   3031 |   2864 |    167 |    392 |   1609 |   3 | 1010.3 |
               +--------+--------+--------+--------+--------+-----+--------+

Top non-repeatable levels by time:
     D:2: 1408 daAuts
     D:1: 926 daAuts
     D:3: 696 daAuts
